 Dungeon Crawl Stone Soup version 0.24.0-10-g970556be89 (webtiles) character file.

Game seed: 11073310738798100390, levelgen mode: deterministic

37 Aviak the Firebug (level 3, -2/24 HPs)
             Began as a Demonspawn Fire Elementalist on Nov 3, 2019.
             Slain by Terence
             ... wielding a +0 trident
              (5 damage)
             ... on level 2 of the Dungeon.
             The game lasted 00:02:12 (1615 turns).

Aviak the Firebug (Demonspawn Fire Elementalist)    Turns: 1615, Time: 00:02:13

Health: -2/24      AC:  3    Str:  8    XL:     3   Next: 23%
Magic:  0/6        EV: 12    Int: 19    God:
Gold:   88         SH:  0    Dex: 13    Spells: 3/6 levels left

rFire    . . .     SeeInvis .   l - -2 trident (curse)
rCold    . . .     Gourm    .   (no shield)
rNeg     . . .     Faith    .   a - +0 robe
rPois    .         Spirit   .   j - +0 helmet
rElec    .         Reflect  .   (no cloak)
rCorr    .         Harm     .   (no gloves)
MR       .....                  (no boots)
Stlth    ++........             k - amulet of inaccuracy (curse)
HPRegen  0.08/turn              h - +2 ring of intelligence
MPRegen  0.10/turn              i - ring of wizardry

@: no status effects
A: talons 1
a: no special abilities


You were on level 2 of the Dungeon.
You were near starving.

You visited 1 branch of the dungeon, and saw 2 of its levels.

You collected 88 gold pieces.

Inventory:

Hand Weapons
 b - a +0 whip
 l - a cursed -2 trident (weapon)
Armour
 a - a +0 robe (worn)
 j - a +0 helmet (worn)
Jewellery
 h - a +2 ring of intelligence (left hand)
 i - a ring of wizardry (right hand)
 k - a cursed amulet of inaccuracy (around neck)
Potions
 d - a potion of mutation {unknown}
 e - a potion of flight {unknown}
 f - a potion of invisibility {unknown}
 g - 2 potions of agility {unknown}
Comestibles
 c - 2 rations


   Skills:
 + Level 2.2 Dodging
 - Level 1.7 Stealth
 + Level 2.4 Spellcasting
 + Level 1.7 Conjurations
 + Level 3.0 Fire Magic


You had 3 spell levels left.
You knew the following spells:

 Your Spells              Type           Power        Failure   Level  Hunger
a - Flame Tongue          Conj/Fire      ##...        2%          1    #......
b - Throw Flame           Conj/Fire      ##....       3%          2    ##.....

Your spell library contained the following spells:

 Spells                   Type           Power        Failure   Level  Hunger
 Conjure Flame            Conj/Fire      ##......     8%          3    ###....
 Inner Flame              Hex/Fire       #.......     11%         3    ###....
 Sticky Flame             Conj/Fire      ##......     24%         4    #####..
 Fireball                 Conj/Fire      ##........   52%         5    ######.


Dungeon Overview and Level Annotations

Branches:
Dungeon (2/15)

Altars:

Annotations:
D:2 Terence


Innate Abilities, Weirdness & Mutations

You have sharp toenails.


Message History

Casting: Flame Tongue (safe; 2% risk of failure)
Confirm with . or Enter, or press ? or * to list all spells.
Aiming: Flame Tongue (safe; 2% risk of failure)
Press: ? - help, Shift-Dir - straight line, f/p - Terence
Aim: Terence, wielding a +0 trident and wearing a +0 scale mail (heavily wounded)
The flame tongue hits Terence but does no damage.
Terence is heavily wounded.
Terence hits you from afar with a +0 trident.
* * * LOW HITPOINT WARNING * * *
Unknown command.
Casting: Flame Tongue (safe; 2% risk of failure)
Confirm with . or Enter, or press ? or * to list all spells.
Aiming: Flame Tongue (safe; 2% risk of failure)
Press: ? - help, Shift-Dir - straight line, f/p - Terence
Aim: Terence, wielding a +0 trident and wearing a +0 scale mail (heavily wounded)
The flame tongue hits Terence.
Terence is severely wounded.
You are near starving!
Terence hits you from afar with a +0 trident.
You die...

...#.#..#.# #..
.......<#.# #..
...#.#..#.# # ...
..#.#..#.##.#.##
...(...............
#.#.###..#.##.#.#
.@.....##.##.#
#.######.##.#.#
#.@.........#.#
..............#..#.# #
############^.#..#.#.#
#....#..#...#
#.#......######
#.#..#.........
#+#..#.#.######
#...........#
#...r.....#.#


You could see Terence.

Vanquished Creatures
  An ooze (D:1)
  2 dart slugs (D:1)
  7 bats (D:1)
  5 goblins (D:1)
  3 hobgoblins
  2 ball pythons (D:1)
  4 kobolds
  4 rats (D:1)
28 creatures vanquished.

Notes
Turn   | Place    | Note
-------+----------+-------------------------------------------
     0 | D:1      | Aviak the Demonspawn Fire Elementalist began the quest for
                  | the Orb.
     0 | D:1      | Reached XP level 1. HP: 13/13 MP: 3/3
   330 | D:1      | Gained mutation: You have sharp toenails. [demonic
                  | ancestry]
   330 | D:1      | Reached XP level 2. HP: 14/19 MP: 5/5
   669 | D:1      | Learned a level 2 spell: Throw Flame
   738 | D:1      | Reached skill level 3 in Fire Magic
  1282 | D:1      | Reached XP level 3. HP: 24/24 MP: 3/6
  1608 | D:2      | Noticed Terence
  1615 | D:2      | Slain by Terence

Levels and vault maps discovered:
D:1:      saegor_arrival_simple_a, layout_basic, minmay_quantized
D:2:      layout_basic, uniq_terence

Skill      XL: |  1  2 |
---------------+-------+-----
Dodging        | 2 |  2.2
Fire Magic     | 3 |  3.0
Stealth        | |  1.7
Spellcasting   | |  2.4
Conjurations   | |  1.7

Action                   || total
-------------------------++-------
Melee: Unarmed           ||    19
       Whip              ||    45
       Kick              ||     5
       Trident           ||     3
 Cast: Flame Tongue      ||    29
       Throw Flame       ||     2
  Use: Scroll            ||     2
 Stab: Sleeping          ||     5
  Eat: Chunk             ||     1
Armor: Robe              ||    26
Dodge: Dodged            ||    62
